 Dungeon Crawl Stone Soup version 0.31-a0-431-g88bdf31460 (webtiles) character file.

Game seed: 13081294785546825767

104757 floatRand the Brawler (level 15, -1/95 (102) HPs)
             Began as a Green Draconian Shapeshifter on July 31, 2023.
             Was the Champion of Ru.
             Slain by an orc high priest
             ... wielding a +0 war axe
              (4 damage)
             ... on level 2 of the Orcish Mines.
             The game lasted 00:42:18 (25952 turns).

floatRand the Brawler (DrSh)                       Turns: 25952, Time: 00:42:19

HP:   -1/95 (102)   AC: 12    Str: 18    XL:     15   Next: 92%
MP:   13/13         EV: 11    Int: 10    God:    Ru [******]
Gold: 1997          SH:  5    Dex: 13    Spells: 11/14 levels left

rFire   + +          .
                       - Unarmed
rCold   + . .        (shield currently unavailable)
rNeg    . . .        (body armour unavailable)
rPois   +            (helmet restricted)
rElec   +            g - +1 cloak
rCorr   .            (gloves currently unavailable)
SInv    .            q - +0 pair of boots
Will    +....        K - amulet of reflection
Stlth   ++++         B - ring "Dasir" {Fly rF+++ Dex-4}
HPRegen 0.35/turn    L - ring of the Prince {Ice rElec rPois Slay+6}
MPRegen 0.13/turn

%: reflection
@: blade hands, flying, drained
A: breathe noxious fumes, AC +9, unfitting armour, stinger 1, low MP 1, poison
resistance, cold-blooded, inability to use devices, hated by all, reduced EV 1,
disrupted magic 1, unskilled 1
a: Breathe Noxious Fumes, Begin Untransformation, Renounce Religion, Draw Out
Power, Power Leap, Apocalypse


You were on level 2 of the Orcish Mines.
You worshipped Ru.
Ru was exalted by your worship.
You had blades for hands.
You visited 3 branches of the dungeon, and saw 22 of its levels.
You also visited: Sewer and Gauntlet.

You collected 2321 gold pieces.
You spent 324 gold pieces at shops.

Inventory:

Missiles
 f - 3 throwing nets
 H - 8 silver javelins
Armour
 g - a +1 cloak (worn)
 q - a +0 pair of boots (worn)
Jewellery
 b - the ring "Saklauh" {Will+ Dex+4 Stlth+}
   (You found it in a Gauntlet)

   [ring of willpower]

   Dex:       It affects your dexterity (+4).
   Will:      It increases your willpower.
   Stlth:     It makes you more stealthy.
 e - a +4 ring of slaying
 m - a ring of protection from fire
 s - the ring "Atec" {rC+ Str+6 Dex+4}
   (You found it on level 15 of the Dungeon)

   [ring of protection from cold]

   Str:       It affects your strength (+6).
   Dex:       It affects your dexterity (+4).
   rC:        It protects you from cold.
 B - the ring "Dasir" (left blade hand) {Fly rF+++ Dex-4}
   (You acquired it on level 5 of the Lair of Beasts)

   [ring of flight]

   Dex:       It affects your dexterity (-4).
   rF:        It renders you almost immune to fire.
   Fly:       It grants you flight.
 F - a +5 ring of evasion
 G - a ring of see invisible
 I - the ring "Axuupp" {rC+ Slay+2}
   (You took it off a wizard on level 15 of the Dungeon)

   [ring of protection from cold]

   Slay:      It affects your accuracy & damage with ranged weapons and melee
   (+2).
   rC:        It protects you from cold.
 K - an amulet of reflection (around neck)
 L - the ring of the Prince (right blade hand) {Ice rElec rPois Slay+6}
   (You found it on level 15 of the Dungeon)

   [ring of ice]

   It enhances your ice magic.
   Slay:      It affects your accuracy & damage with ranged weapons and melee
   (+6).
   rF:        It makes you vulnerable to fire.
   rC:        It protects you from cold.
   rElec:     It insulates you from electricity.
   rPois:     It protects you from poison.
 N - a +5 ring of evasion
Talismans
 y - a storm talisman
 A - a blade talisman (active)
Wands
 p - a wand of iceblast (17)
 r - a wand of polymorph (23)
Scrolls
 c - 6 scrolls of enchant weapon
 d - 2 scrolls of blinking
 i - 4 scrolls of teleportation
 j - 5 scrolls of poison
 l - a scroll of enchant armour
 n - 4 scrolls of fear
 o - 3 scrolls of silence
 w - 6 scrolls of fog
 D - 2 scrolls of amnesia
 M - a scroll of immolation
Potions
 a - 2 potions of mutation
 h - 6 potions of curing
 k - 2 potions of heal wounds
 t - 4 potions of magic
 u - a potion of might
 v - 4 potions of cancellation
 x - 2 potions of enlightenment
 z - 4 potions of resistance
 C - 3 potions of brilliance
 E - 3 potions of attraction
 J - a potion of invisibility


   Skills:
 - Level 1.0 Fighting
 * Level 10.4 Dodging
 - Level 8.4 Stealth
 * Level 19.2 Unarmed Combat
 * Level 12.9 Shapeshifting


You had 11 spell levels left.
You knew the following spells:

 Your Spells              Type           Power      Damage    Failure   Level
a - Ignite Poison         Fire/Tmut/Pois 0%         N/A       98%         3

Your spell library contained the following spells:

 Spells                   Type           Power      Damage    Failure   Level
 Kiss of Death            Conj/Necr      0%         2d5       85%         1
 Slow                     Hex            0%         N/A       85%         1
 Cigotuvi's Dreadful Rot  Necr/Pois/Air  0%         N/A       91%         2
 Poisonous Vapours        Pois/Air       0%         N/A       91%         2
 Scorch                   Fire           0%         2d5       91%         2
 Confusing Touch          Hex            0%         N/A       98%         3
 Mephitic Cloud           Conj/Pois/Air  0%         N/A       98%         3
 Portal Projectile        Hex/Tloc       0%         N/A       98%         3
 Vampiric Draining        Necr           0%         2d6       98%         3
 Dispel Undead            Necr           0%         3d6       100%        4
 Flame Wave               Conj/Fire      0%         2d4       100%        4
 Iskenderun's Mystic Bla  Conj/Tloc      0%         2d3       100%        4
 Sticky Flame             Conj/Fire      0%         2d3       100%        4
 Freezing Cloud           Conj/Ice/Air   0%         6-21      100%        5
 Ozocubu's Refrigeration  Ice            0%         4d7       100%        7
 Ignition                 Fire           0%         3d3       100%        8
 Polar Vortex             Ice            0%         N/A       100%        9
 Tukima's Dance           Hex            Unusable   N/A       N/A         3
 Simulacrum               Ice/Necr       Unusable   N/A       N/A         6
 Summon Cactus Giant      Summ           Unusable   N/A       N/A         6

Dungeon Overview and Level Annotations

Branches:
Dungeon (15/15)            Temple (0/1) D:7            Lair (5/5) D:9
  Swamp (0/4) Lair:2        Snake (0/4) Lair:2        Slime (0/5) Lair:5
    Orc (2/2) D:11            Elf (0/3) Orc:2        Depths (0/4) D:15
  Sewer (visited)         Gauntlet (visited)
 Vaults: D:13-14

Altars:
Ashenzari
Qazlal
Ru
Sif Muna
Uskayaw
Xom

Shops:
D:4 (   D:8 (   D:13 !   Orc:2 :*([

Portals:
Trove: D:11 (give +4 storm dragon scales)

Annotations:
D:2 1 runed translucent door, Crazy Yiuf
D:9 Psyche
D:11 1 runed translucent door, qborf's ghost, journeyman SpHs
Lair:2 3 runed translucent doors, Samael12321's ghost, journeyman TrFi


Innate Abilities, Weirdness & Mutations

You have blades for hands.
Your spellcasting is less reliable in this form.
You are incapable of wielding weapons or throwing items.
You can breathe blasts of noxious fumes.
Your lurid green scales are hard. (AC +9)
You cannot fit into any form of body armour.
Your tail ends in a venomous barb.
Your magical capacity is low. (-10% MP)
Your system is resistant to poisons. (rPois)
You are cold-blooded and may be slowed by cold attacks.
You cannot study or use magical devices.
You are hated by all.
You have somewhat slow reflexes. (EV -5)
Your casting is slightly disrupted.
You are somewhat unskilled. (-1 Apt)


Message History

You feel less invigorated.
You feel less confused.
You start resting.
An orc high priest is nearby!
Your enlightenment fades.
The ogre shouts!
You block the orc high priest's attack.
The orc high priest shouts!
The sun demon hits you.
You are engulfed in flames.
You resist.
You redirect the orc high priest's attack!
The orc high priest hits itself but does no damage.
You slice the orc high priest!! You tail-slap the orc high priest.
The orc high priest is poisoned.
The orc high priest is heavily wounded.
You redirect the sun demon's attack!
The sun demon closely misses itself.
Unknown command.
You closely miss the orc high priest.
You slash the orc high priest, but do no damage.
The orc high priest is heavily wounded.
The orc high priest hits you but does no damage.
Unknown command.
You closely miss the orc high priest.
You slash the orc high priest, but do no damage.
The orc high priest is heavily wounded.
The sun demon hits you.
You are engulfed in flames.
You resist.
* * * LOW HITPOINT WARNING * * *
The ogre misses you.
The orc high priest curses repeatedly.
The orc high priest invokes the aid of Beogh against you.
Beogh smites you!
* * * LOW HITPOINT WARNING * * *
Unknown command.
The sun demon attacks as you move away! The sun demon hits you.
* * * LOW HITPOINT WARNING * * *
You are engulfed in flames.
You resist.
* * * LOW HITPOINT WARNING * * *
You focus your inner power and blind the sun demon in retribution!
The orc high priest hits you with a +0 war axe.
You die...

.#......∩).[..)..o.#.....
........)..))...##.#..$..
..P.....).P...## #.....
.##..P..4.......# #.....
....P........#######.....
.......o....... #.##o.).
......Oh###..#####...o.#$
#......3o##### #..<.)o##
........@## ##......#
#.........# #....).#
##....#..## #....#...
##...##########.#.......
#...# ...####....... ##..
####..####....P.. #..
##..#....#####....
#........## #.P..
##.........## #....


You could see 2 orc high priests, a sun demon (summoned, blind), a warg and an
ogre.

Vanquished Creatures
  Kirke (D:15)
  A storm dragon (D:15)
  A frost giant (D:15)
  2 orc warlords
  A minotaur (Gauntlet)
  Snorg (D:10)
  2 ettins (D:15)
  2 fire dragons
  A deep elf high priest (D:15)
  2 great orbs of eyes (D:15)
  A hydra (Lair:2)
  Harold (D:10)
  A spriggan air mage (D:15)
  4 vault guards (D:15)
  A catoblepas (Lair:5)
  13 centaur warriors
  A death knight (D:15)
  6 two-headed ogres
  4 boulder beetles
  A deep troll shaman (D:15)
  2 tengu warriors (D:14)
  2 spriggan berserkers (D:15)
  4 orc high priests (Orc:2)
  A glowing orange brain (D:15)
  Lodul (D:11)
  2 wizards (D:15)
  5 orc knights
  5 deep elf pyromancers (D:15)
  A lindwurm (Lair:5)
  A wolf spider (D:15)
  2 manticores
  9 ugly things
  5 orc sorcerers (Orc:2)
  A necromancer (D:15)
  32 elephants
  6 cyclopes
  4 centaur zombies (D:15)
  5 black mambas
  2 molten gargoyles (Lair:5)
  An ice statue (Gauntlet)
  3 gargoyles
  10 cane toads
  2 unseen horrors
  A redback zombie (D:15)
  6 rime drakes
  2 tengu conjurers
  2 ice devils (Lair:5)
  2 yaktaurs (D:15)
  2 freezing wraiths (D:15)
  An efreet (D:15)
  12 komodo dragons
  6 meliai
  2 trolls
  A wind drake (shapeshifter) (D:13)
  2 hornets
  21 blink frogs
  10 dream sheep
  4 slime creatures (D:12)
  A spriggan (D:15)
  3 shadows
  A shapeshifter (D:15)
  2 wraiths
  47 yaks
  2 humans (D:15)
  7 wyverns
  A hog (D:15)
  12 basilisks
  5 vampire mosquitoes
  4 steam dragons
  4 hell hounds (Lair:5)
  2 floating eyes (D:15)
  2 sky beasts
  17 water moccasins
  17 orc warriors
  A swamp drake (D:11)
  An ice beast (D:8)
  4 black bears
  A boggart (D:15)
  13 ogres
  6 wolves (Lair:3)
  A phantom (D:6)
  10 centaurs
  3 kobold brigands
  13 bullfrogs
  2 scorpions
  3 wights (D:7)
  10 killer bees
  3 howler monkeys
  5 lava snakes (Lair:5)
  8 orc priests
  3 hounds
  5 iguanas
  A sleepcap (D:7)
  15 orc wizards
  8 hell rats
  3 gnolls (D:6)
  2 adders (D:4)
  3 river rats
  A shadow imp (D:7)
  An ufetubus (D:7)
  6 worms
  43 orcs
  8 ball pythons
  5 endoplasms
  5 giant cockroaches
  16 goblins
  10 hobgoblins
  11 jackals
  25 kobolds
  7 bats
  7 frilled lizards
  15 rats
638 creatures vanquished.

Vanquished Creatures (others)
  A rime drake (Gauntlet)
  An unseen horror (D:10)
  2 komodo dragons (Lair:5)
  A basilisk (Lair:5)
  A centaur (D:10)
  An electric eel (D:10)
  A rat (Sewer)
8 creatures vanquished.

Grand Total: 646 creatures vanquished

Notes
Turn   | Place    | Note
-------+----------+-------------------------------------------
     0 | D:1      | floatRand the Draconian Shapeshifter began the quest for
                  | the Orb.
     0 | D:1      | Reached XP level 1. HP: 16/16 MP: 1/1
   221 | D:1      | Reached XP level 2. HP: 23/23 MP: 2/2
   639 | D:1      | Reached XP level 3. HP: 28/28 MP: 3/3
   657 | D:1      | Reached skill level 4 in Unarmed Combat
   770 | D:1      | Found a faded altar of an unknown god.
  1085 | D:1      | Prayed at the altar of an unknown god.
  1085 | D:1      | Became a worshipper of Ru the Awakened
  1093 | D:1      | Gained mutation: You are hated by all. [Ru sacrifice]
  1093 | D:1      | Reached * piety under Ru
  1093 | D:1      | Reached ** piety under Ru
  1312 | D:2      | Found a shimmering altar of Xom.
  1529 | D:2      | Reached XP level 4. HP: 33/35 MP: 4/4
  1802 | D:2      | Found a runed translucent door.
  1803 | D:2      | Noticed Crazy Yiuf
  2823 | D:4      | Reached skill level 5 in Unarmed Combat
  2823 | D:4      | Reached XP level 5. HP: 35/40 MP: 5/5
  3185 | D:4      | Found a glowing drain.
  3195 | Sewer    | Entered a sewer
  3394 | Sewer    | Gained mutation: You cannot study or use magical devices.
                  | [Ru sacrifice]
  3394 | Sewer    | Reached *** piety under Ru
  3394 | Sewer    | Reached **** piety under Ru
  3564 | D:4      | Found Mosaihurgh's Antique Weapon Emporium.
  3855 | D:5      | Entered Level 5 of the Dungeon
  3901 | D:5      | Noticed an ogre
  3918 | D:5      | Killed an ogre
  3919 | D:5      | Reached skill level 6 in Unarmed Combat
  3919 | D:5      | Reached XP level 6. HP: 11/47 MP: 6/6
  4457 | D:5      | Reached skill level 7 in Unarmed Combat
  4457 | D:5      | Your scales start taking on a lurid green colour.
  4457 | D:5      | Reached XP level 7. HP: 36/52 MP: 7/7
  4457 | D:5      | Gained mutation: Your system is resistant to poisons.
                  | (rPois) [Green Draconian growth]
  4518 | D:5      | Learned a level 3 spell: Ignite Poison
  4971 | D:6      | Reached skill level 5 in Shapeshifting
  5284 | D:6      | Identified the +1 robe of Indomitability {Contam Harm rC-
                  | Regen+}
  5462 | D:6      | Reached skill level 8 in Unarmed Combat
  5462 | D:6      | Reached XP level 8. HP: 46/59 MP: 8/8
  5839 | D:6      | Identified a scroll of acquirement
  5839 | D:6      | Acquired a manual of Unarmed Combat
  5933 | D:7      | Gained mutation: Your magical capacity is low. (-10% MP)
                  | [Ru sacrifice]
  5985 | D:7      | Reached skill level 9 in Unarmed Combat
  6128 | D:7      | Reached skill level 10 in Unarmed Combat
  6221 | D:7      | Reached skill level 11 in Unarmed Combat
  6246 | D:7      | Identified the +1 chain mail "Areeblamn" {rF+ Regen+ Str-4
                  | Int+2}
  6278 | D:7      | Reached XP level 9. HP: 43/64 MP: 8/8
  6479 | D:7      | Reached skill level 12 in Unarmed Combat
  6574 | D:7      | Found a staircase to the Ecumenical Temple.
  6913 | D:8      | Found Rosea's Antique Weapon Shop.
  7112 | D:8      | Reached skill level 13 in Unarmed Combat
  7588 | D:9      | Noticed Psyche
  7775 | D:9      | Reached skill level 14 in Unarmed Combat
  7942 | D:9      | Gained mutation: You are somewhat unskilled. (-1 Apt) [Ru
                  | sacrifice]
  7942 | D:9      | Reduced skill Unarmed Combat to level 13
  7942 | D:9      | Reached ***** piety under Ru
  8076 | D:9      | Reached XP level 10. HP: 71/71 MP: 9/9
  8442 | D:9      | Reached skill level 14 in Unarmed Combat
  8577 | D:9      | Found a staircase to the Lair.
  8661 | D:10     | Entered Level 10 of the Dungeon
  8879 | D:10     | Found a shimmering blue altar of Sif Muna.
  8929 | D:10     | Noticed a two-headed ogre
  9098 | D:10     | Killed a two-headed ogre
  9136 | D:10     | Identified the +2 leather armour "Laimidd" {rN+ SInv}
  9212 | D:10     | Noticed Snorg
  9242 | D:10     | Killed Snorg
  9389 | D:10     | Reached skill level 15 in Unarmed Combat
  9491 | D:10     | Noticed Harold
  9497 | D:10     | Found Lekloure's Assorted Antiques.
  9510 | D:10     | Killed Harold
  9511 | D:10     | Reached XP level 11. HP: 59/77 MP: 9/9
 10107 | D:11     | Found a portal to a secret trove of treasure.
 10193 | D:11     | Noticed a centaur warrior
 10211 | D:11     | Killed a centaur warrior
 10325 | D:11     | Found a runed translucent door.
 10326 | D:11     | Noticed qborf's ghost (journeyman SpHs)
 10327 | D:11     | Identified the +5 trident "Deblurho" {flame, rCorr Int+4}
 10347 | D:11     | Noticed a boulder beetle
 10359 | D:11     | Killed a boulder beetle
 10505 | D:11     | Gained mutation: Your casting is slightly disrupted. [Ru
                  | sacrifice]
 10775 | D:11     | Noticed Lodul
 10791 | D:11     | Reached skill level 16 in Unarmed Combat
 10793 | D:11     | Killed Lodul
 11135 | D:11     | Found a staircase to the Orcish Mines.
 11394 | Lair:1   | Entered Level 1 of the Lair of Beasts
 11406 | Lair:1   | Reached skill level 1 in Stealth
 11912 | Lair:1   | Reached XP level 12. HP: 83/83 MP: 10/10
 12249 | Lair:1   | You fall into a shaft and drop 1 floor!
 12428 | Lair:2   | Noticed a six-headed hydra
 12693 | Lair:2   | Found a staircase to the Snake Pit.
 12863 | Lair:2   | Found a staircase to the Swamp.
 13585 | Lair:2   | Gained mutation: You have somewhat slow reflexes. (EV -5)
                  | [Ru sacrifice]
 13585 | Lair:2   | Reached ****** piety under Ru
 13800 | Lair:2   | Reached skill level 10 in Shapeshifting
 13831 | Lair:2   | Killed a six-headed hydra
 13832 | Lair:2   | Reached skill level 5 in Stealth
 13931 | Lair:2   | Found a runed translucent gate.
 13931 | Lair:2   | Found a runed translucent gate.
 13931 | Lair:2   | Found a runed translucent gate.
 13932 | Lair:2   | Noticed Samael12321's ghost (journeyman TrFi)
 13932 | Lair:2   | Noticed a great orb of eyes
 14375 | Lair:3   | Reached skill level 5 in Dodging
 14381 | Lair:3   | Reached skill level 17 in Unarmed Combat
 14397 | Lair:3   | Reached XP level 13. HP: 63/89 MP: 11/11
 16560 | Lair:5   | Entered Level 5 of the Lair of Beasts
 16560 | Lair:5   | Found a staircase to the Slime Pits.
 16786 | Lair:5   | Found a frozen archway.
 16975 | Lair:5   | Gained mutation: Your tail ends in a venomous barb. [Green
                  | Draconian growth]
 16975 | Lair:5   | Reached XP level 14. HP: 78/96 MP: 12/12
 17329 | Lair:5   | Acquired the ring "Dasir" {Fly rF+++ Dex-4}
 17776 | Lair:5   | Found a large runed translucent door.
 18135 | Lair:5   | Found a large runed translucent door.
 19241 | D:12     | Reached skill level 18 in Unarmed Combat
 19745 | D:13     | Found a gate leading to a gauntlet.
 19826 | Gauntlet | Entered a Gauntlet
 19826 | Gauntlet | Found a transporter.
 19826 | Gauntlet | Found a runed translucent door.
 19826 | Gauntlet | Found a runed translucent door.
 19833 | Gauntlet | Found a transporter.
 19835 | Gauntlet | Found a transporter.
 19927 | Gauntlet | Found a transporter.
 19955 | Gauntlet | Found a transporter.
 20144 | Gauntlet | Found a transporter.
 20151 | Gauntlet | Found a transporter.
 20152 | Gauntlet | Found a runed translucent door.
 20153 | Gauntlet | Found a runed translucent door.
 20316 | Gauntlet | Found a runed translucent door.
 20317 | Gauntlet | Found a transporter.
 20344 | Gauntlet | Found a transporter.
 20348 | Gauntlet | Identified the ring "Saklauh" {Will+ Dex+4 Stlth+}
 20419 | Gauntlet | Identified the +10 war axe of Tagan {flame, rElec rC++
                  | Int-5}
 20419 | Gauntlet | Identified the +8 chain mail "Xoxeir" {Int+6}
 20854 | D:13     | Found Namyum's Distillery.
 20863 | D:13     | Bought a potion of invisibility for 144 gold pieces
 20863 | D:13     | Bought a potion of heal wounds for 90 gold pieces
 20863 | D:13     | Bought a potion of heal wounds for 90 gold pieces
 20866 | D:13     | Found a stormy altar of Qazlal.
 20870 | D:13     | Identified the +5 great sword "Soceg" {antimagic, rPois rC-
                  | rCorr Dex+5}
 21581 | D:15     | Entered Level 15 of the Dungeon
 22002 | D:15     | Identified the ring "Atec" {rC+ Str+6 Dex+4}
 22346 | D:15     | Noticed an orc warlord
 22353 | D:15     | Killed an orc warlord
 22357 | D:15     | Reached XP level 15. HP: 50/102 MP: 13/13
 22506 | D:15     | Noticed a frost giant
 22507 | D:15     | Found a staircase to the Depths.
 22509 | D:15     | Killed a frost giant
 22527 | D:15     | Found a transporter.
 22767 | D:15     | Identified the ring "Axuupp" {rC+ Slay+2}
 22770 | D:15     | Paralysed by a floating eye for 3 turns
 22880 | D:15     | Found a transporter.
 23139 | D:15     | Noticed Kirke
 23148 | D:15     | Killed Kirke
 23167 | D:15     | Identified the ring of the Prince {Ice rElec rPois Slay+6}
 23734 | D:15     | Found a broken altar of Ashenzari.
 24129 | D:15     | Found a hide-covered altar of Uskayaw.
 24441 | D:15     | Noticed a storm dragon
 24456 | D:15     | Killed a storm dragon
 24544 | D:15     | Found a shimmering altar of Xom.
 24584 | D:15     | Reached skill level 10 in Dodging
 24584 | D:15     | Reached skill level 19 in Unarmed Combat
 25425 | Orc:1    | Entered Level 1 of the Orcish Mines
 25489 | Orc:2    | Entered Level 2 of the Orcish Mines
 25490 | Orc:2    | Found Opepseh's Antique Weapon Emporium.
 25497 | Orc:2    | Found a staircase to the Elven Halls.
 25507 | Orc:2    | Paralysed by an orc sorcerer for 5 turns
 25518 | Orc:2    | Paralysed by an orc sorcerer for 4 turns
 25520 | Orc:2    | Found Zeoceov's Antique Armour Boutique.
 25527 | Orc:2    | Found Agit's General Store.
 25885 | Orc:2    | Found Beaxt's Book Emporium.
 25927 | Orc:2    | HP: 4/94 [orc warrior/+0 halberd of flaming (18)]
 25952 | Orc:2    | HP: 3/95 [sun demon[an orc high priest] (4)]
 25952 | Orc:2    | Slain by an orc high priest

Illustrated notes

Levels and vault maps discovered:
D:1:      dpeg_arrival_ratfight, layout_basic,
          shapermc_ecumenical_altar_starsandcircs, minmay_small_reverse_x
D:2:      layout_loops_ring, basic_altar, minmay_misc_feat_hallway,
          fountainhead, uniq_crazy_yiuf_cottage
D:3:      layout_loops_corners
D:4:      kennysheep_the_goblin_king, layout_basic, serial_shops,
          nicolae_shop_tiny_statue_garden, gup_sewer_entry_bubbles, st_stairs_2
D:5:      layout_gridville, minmay_misc_feat_pillars, moated_statue
D:6:      layout_basic
D:7:      kennysheep_six_static_rooms, layout_rooms, temple_fountains,
          nicolae_sextant, bh_walls_and_bars
D:8:      layout_loops_ring, serial_shops, nicolae_shop_tiny_waterfront
D:9:      layout_stronghold, grunt_lair_entry_orc_guard_hut, uniq_psyche
D:10:     cheibrodos_helix_gallery, layout_basic, led_sif_pool, serial_shops,
          shop, moated_statue, uniq_harold, uniq_snorg
D:11:     layout_roguey, erik_orc_1, ebering_ghost_funeral_grove,
          nicolae_trove_entry_crystal, uniq_lodul
D:12:     layout_cave_pods
D:13:     layout_roguey, serial_shops, nicolae_shop_advertising_works
          [nicolae_subvault_shop_adworks], gauntlet_entry_generic,
          nicolae_qazlal_scattered_showers
D:14:     layout_long_grid, grunt_vaults_entry_fortified, serial_shops, shop,
          minivault_22, minmay_misc_feat_room, kennysheep_generic_room_10
D:15:     hangedman_spin_cycle
Lair:1:   layout_chaotic_city
Lair:2:   layout_small_grid, minmay_swamp_entry_reptiles, dummy_snake_entry,
          gammafunk_ghost_ooze
Lair:3:   layout_hall_layers, chequers_serial_rivers_large_b, minivault_27,
          grunt_megastairs_3, lemuel_fruit_fields
Lair:4:   layout_concentric_octagons
Lair:5:   cheibrodos_lair_end_hotspot, layout_regular_city, slime_entry_1,
          portal_ice_cave_demonic_guard, chequers_serial_rivers_small_b
Orc:1:    layout_caves
Orc:2:    grunt_orc_gardens, layout_diamond_mine, grunt_orc_garden,
          grunt_orc_garden, grunt_orc_garden, grunt_orc_garden

Skill      XL: |  1  2  3  4  5  6  7  8  9 10 11 12 13 14 15 |
---------------+----------------------------------------------+-----
Unarmed Combat | 4 5 6 7 8 11 13 15 16 17 18 19 | 19.2
Shapeshifting  | 4 5 6 7 8 9 10 11 12 | 12.9
Dodging        | 2 5 7 8 10 | 10.4
Stealth        | 2 5 7 8 |  8.4
Fighting       | |  1.0

Action                     |  1- 3 |  4- 6 |  7- 9 | 10-12 | 13-15 || total
---------------------------+-------+-------+-------+-------+-------++-------
  Melee: Unarmed           |   126 |   184 |   218 |   400 |   833 ||  1761
         Tailslap          |    15 |    15 |    23 |    85 |   146 ||   284
         Punch             |     3 |     3 |     9 |    43 |   102 ||   160
 Invoke: Sacrifice Love    |     1 |       |       |       |       ||     1
         Sacrifice Artific |       |     1 |       |       |       ||     1
         Sacrifice Essence |       |       |     1 |     1 |       ||     2
         Sacrifice Skill   |       |       |     1 |       |       ||     1
         Apocalypse        |       |       |       |     2 |     5 ||     7
         Power Leap        |       |       |       |     1 |     2 ||     3
         Sacrifice Health  |       |       |       |     1 |       ||     1
Ability: Breathe Noxious F |       |       |    21 |    29 |    20 ||    70
    Use: Potion            |       |     1 |       |     2 |     9 ||    12
         Scroll            |       |       |    13 |     6 |    16 ||    35
   Stab: Confused          |       |       |     7 |    24 |    10 ||    41
         Distracted        |       |       |     3 |       |    16 ||    19
         Paralysed         |       |       |       |    11 |    14 ||    25
         Sleeping          |       |       |       |     1 |    19 ||    20
         Invisible         |       |       |       |     1 |     6 ||     7
 Armour: Skin              |    36 |    30 |    54 |    52 |   191 ||   363
  Dodge: Dodged            |    76 |    84 |   106 |   166 |   379 ||   811
  Block: Other             |       |       |       |    47 |   123 ||   170
         Reflection        |       |       |       |     6 |    10 ||    16
   Form: Blade             |       |       |       |     1 |     1 ||     2
         Storm             |       |       |       |       |     1 ||     1

Table legend: (Time is in decaauts)
 A = Elapsed time spent in this place.
 B = Non-inter-level travel time spent in this place.
 C = Inter-level travel time spent in this place.
 D = Time resting spent in this place.
 E = Time spent auto-exploring this place.
 F = Levels seen in this place.
 G = Mean time per level.
                   A        B        C        D        E       F      G
               +--------+--------+--------+--------+--------+-----+--------+
         Total |  25542 |  24752 |    790 |   6576 |  12232 |  24 | 1064.2 |
       Dungeon |  17081 |  16462 |    619 |   4059 |   8967 |  15 | 1138.7 |
          Lair |   6851 |   6682 |    169 |   1560 |   3183 |   5 | 1370.2 |
  Orcish Mines |    501 |    501 |      0 |    205 |     62 |   2 |  250.5 |
         Sewer |    226 |    226 |      0 |    112 |     19 |   1 |  226.0 |
      Gauntlet |    881 |    881 |      0 |    640 |      0 |   1 |  881.0 |
               +--------+--------+--------+--------+--------+-----+--------+

Top non-repeatable levels by time:
    D:15: 3433 daAuts
  Lair:5: 1735 daAuts
  Lair:1: 1469 daAuts
    D:11: 1468 daAuts
  Lair:2: 1389 daAuts
     D:9: 1363 daAuts
  Lair:3: 1160 daAuts
    D:12: 1135 daAuts
     D:1: 1105 daAuts
  Lair:4: 1096 daAuts
     D:5: 1042 daAuts
     D:4: 1041 daAuts
    D:10: 988 daAuts
     D:6: 966 daAuts
     D:7: 940 daAuts
